Map: Dusty Gorge

Players

OpuS - Winner!

  • Race: Protoss Protoss
  • League: Platinum
  • Spawn Location: 11:00

Sketchaphone - Winner!

  • Race: Zerg Zerg
  • League: Platinum
  • Spawn Location: 9:00

Herakles

  • Race: Protoss Protoss
  • League: Diamond
  • Spawn Location: 3:00

Croaker

  • Race: Protoss Protoss
  • League: Gold
  • Spawn Location: 5:00

VOD

Have the link to the VOD?

Description

Time

  • Played on: Feb. 17, 2019, 7:28 p.m.
  • Length: 12:01
Show
View Real Time Build Order
Export as new Build Order

OpuS Protoss - Winner!

Build Orders:  

Get SALT Encoding   

  12  0:00  Probe  
  13  0:13  Probe  
  14  0:22  Pylon  
  14  0:25  Probe  
  15  0:39  Probe  
  16  0:43  Gateway  
  16  0:47  Probe  
  16  0:55  Probe  
  16  0:56  Assimilator  
  17  0:59  Assimilator  
  18  1:06  Probe  
  19  1:13  Gateway  
  19  1:20  Probe  
  20  1:32  Cybernetics Core  
  20  1:34  Probe  
  20  1:35  Pylon  
  21  1:42  Probe  
  22  1:54  Pylon  
  22  1:55  Probe  
  23  2:07  Probe  
  24  2:08  Stalker  
  24  2:11  Stalker  
  28  2:19  Probe  
  29  2:23  Warp Gate  
  29  2:47  Nexus  
  29  2:51  Stalker  
  29  2:58  Stalker  
  32  3:07  Shield Battery  
  32  3:13  Gateway  
  32  3:18  Probe  
  33  3:34  Stalker x2  
  33  3:38  Probe  
  38  3:51  Probe  
  39  4:07  Probe x2  
  41  4:23  Probe x2  
  43  4:27  Stargate  
  43  4:29  Gateway  
  43  4:31  Stalker x2, Twilight Council  
  47  4:37  Stalker  
  49  4:42  Probe x2  
  51  4:50  Pylon  
  51  4:53  Pylon  
  51  4:54  Probe x2  
  53  5:06  Probe  
  54  5:08  Probe  
  53  5:25  Stalker  
  53  5:26  Stalker x3  
  59  5:34  Probe x2  
  61  5:36  Shield Battery  
  61  5:38  Shield Battery  
  61  5:39  Blink  
  61  5:51  Void Ray  
  61  5:56  Probe x2  
  67  6:01  Assimilator  
  67  6:04  Pylon  
  67  6:05  Assimilator  
  67  6:06  Pylon  
  67  6:18  Probe x2  
  69  6:19  Forge  
  69  6:30  Probe x2  
  71  6:34  Protoss Ground Weapons Level 1  
  71  6:36  Stalker x3  
  77  6:45  Probe  
  77  6:46  Nexus, Probe  
  79  7:08  Gateway  
  79  7:11  Gateway  
  79  7:15  Gateway  
  79  7:16  Templar Archives  
  79  7:18  Gateway  
  73  7:45  Void Ray  
  73  7:49  Stalker x4  
  85  8:05  Stalker  
  87  8:08  Probe x2  
  87  8:10  Probe  
  90  8:15  Charge  
  90  8:20  Pylon, Probe x2  
  90  8:22  Probe  
  90  8:23  Pylon  
  90  8:25  Pylon  
  93  8:31  Photon Cannon  
  93  8:32  Probe  
  94  8:36  Photon Cannon  
  94  8:40  Robotics Facility  
  94  8:55  Void Ray  
  98  9:00  Photon Cannon  
  98  9:02  Photon Cannon  
  98  9:05  Zealot x3  
  98  9:06  Zealot x2  
  98  9:08  Protoss Ground Weapons Level 2  
  108  9:14  Probe x2  
  108  9:15  Probe  
  111  9:26  Probe x2  
  111  9:27  Probe  
  111  9:30  Zealot  
  111  9:31  Zealot x3  
  120  9:34  Zealot  
  124  9:38  Probe  
  124  9:39  Pylon  
  124  9:42  Pylon  
  124  9:45  Pylon  
  125  9:57  Observer, Void Ray  
  130  10:05  High Templar x4  
  130  10:06  High Templar  
  138  10:19  Observer  
  121  10:40  Observer  
  122  10:43  Stalker x4  
  122  10:44  Stalker x3  
  122  10:45  Stalker  
  122  10:48  Probe x3  
  139  10:51  Assimilator  
  139  10:55  Assimilator  
  119  11:16  Nexus, Void Ray  
  121  11:19  Pylon  
  121  11:22  Pylon  
  120  11:27  Forge  
  120  11:30  Forge  
  120  11:36  Gateway  
  120  11:37  Gateway  
  120  11:38  Zealot  
  120  11:39  Zealot x4  
  117  11:40  Zealot  
  117  11:41  Zealot, Gateway  
  117  11:42  Zealot  
  117  11:44  Gateway  
  113  12:00  Assimilator  
Show
View Real Time Build Order
Export as new Build Order

Sketchaphone Zerg - Winner!

Build Orders: Hatch First, Swarm Host 

Get SALT Encoding   

  12  0:01  Drone  
  13  0:13  Overlord  
  13  0:18  Drone  
  14  0:23  Extractor  
  14  0:27  Drone  
  15  0:41  Drone x2  
  17  0:58  Hatchery  
  17  1:01  Drone  
  17  1:05  Drone  
  17  1:08  Extractor  
  17  1:23  Overlord, Drone  
  18  1:28  Drone  
  19  1:39  Drone  
  20  1:51  Drone  
  21  1:55  Spawning Pool  
  20  2:04  Drone  
  21  2:11  Drone  
  22  2:20  Drone  
  22  2:22  Drone  
  24  2:23  Drone  
  24  2:36  Overlord  
  24  2:41  Metabolic Boost  
  24  2:48  Roach Warren  
  24  2:49  Hatchery  
  22  2:52  Zergling x2  
  22  2:56  Zergling x4  
  25  3:00  Zergling x4  
  25  3:04  Zergling x2  
  28  3:07  Zergling x2  
  29  3:20  Zergling x2  
  29  3:25  Drone  
  29  3:26  Queen, Drone  
  34  3:34  Drone  
  34  3:37  Overlord  
  34  3:39  Evolution Chamber  
  34  4:00  Drone  
  34  4:01  Drone  
  35  4:10  Drone  
  35  4:18  Drone x3  
  35  4:23  Overlord  
  37  4:24  Queen  
  37  4:28  Queen  
  37  4:29  Drone x4  
  45  4:34  Lair  
  45  4:38  Zerg Melee Weapons Level 1  
  45  4:44  Roach  
  47  4:53  Spine Crawler  
  47  4:56  Roach  
  48  5:11  Spine Crawler  
  48  5:12  Spine Crawler, Roach x2  
  44  5:38  Spore Crawler  
  44  5:40  Drone x3  
  44  5:41  Drone x10  
  48  5:45  Spore Crawler  
  47  5:55  Queen  
  49  5:58  Drone  
  49  6:01  Drone  
  51  6:08  Roach  
  51  6:09  Roach  
  55  6:12  Drone  
  55  6:16  Roach  
  58  6:26  Overlord  
  58  6:27  Overlord  
  58  6:36  Spore Crawler  
  57  6:41  Queen, Spore Crawler, Drone  
  57  6:42  Spore Crawler  
  57  6:45  Drone x4, Extractor  
  61  6:49  Drone x2  
  61  6:52  Roach  
  65  6:55  Roach  
  65  6:58  Glial Reconstitution  
  67  7:17  Overlord  
  67  7:18  Overlord  
  66  7:33  Overlord x2  
  62  7:45  Ravager x4  
  62  7:46  Zergling x8  
  62  7:47  Zergling x8  
  74  7:51  Zerg Melee Weapons Level 2  
  70  7:59  Zergling x2  
  70  8:00  Zergling x12  
  70  8:05  Evolution Chamber  
  76  8:06  Hydralisk Den  
  75  8:13  Spore Crawler, Drone x4  
  75  8:17  Drone  
  79  8:23  Hatchery  
  76  8:43  Overseer  
  76  8:55  Roach  
  78  8:56  Roach x6  
  90  9:11  Infestation Pit  
  90  9:16  Extractor  
  88  9:17  Extractor  
  88  9:19  Drone x3  
  88  9:22  Overlord x4  
  90  9:32  Overlord  
  90  9:37  Drone x2  
  90  9:38  Drone x4  
  96  9:40  Zerg Ground Armor Level 1  
  96  9:42  Zergling x8  
  96  9:43  Pneumatized Carapace  
  100  9:51  Extractor  
  100  9:52  Drone  
  100  9:53  Drone x3, Extractor  
  102  10:07  Overlord  
  102  10:08  Swarm Host  
  102  10:09  Swarm Host x2  
  84  10:32  Zergling x18  
  78  10:39  Zergling x18  
  85  10:45  Burrow  
  85  10:49  Swarm Host x3  
  85  10:50  Swarm Host  
  78  11:26  Drone x4  
  78  11:27  Drone x2, Swarm Host  
  78  11:28  Infestation Pit, Swarm Host x3  
Show
View Real Time Build Order
Export as new Build Order

Herakles Protoss 

Build Orders: Oracle Opening 

Get SALT Encoding   

  12  0:00  Probe  
  13  0:13  Probe  
  14  0:18  Pylon  
  14  0:28  Probe  
  15  0:36  Gateway  
  15  0:40  Probe  
  16  0:51  Probe, Assimilator  
  17  0:59  Probe  
  18  1:08  Probe  
  19  1:21  Probe  
  19  1:24  Cybernetics Core  
  20  1:34  Probe  
  21  1:46  Probe  
  22  1:49  Nexus  
  22  1:59  Pylon  
  22  2:01  Assimilator  
  22  2:06  Probe  
  23  2:17  Adept  
  23  2:21  Warp Gate  
  25  2:24  Probe  
  26  2:32  Shield Battery  
  26  2:36  Probe  
  27  2:51  Pylon  
  27  2:53  Adept  
  27  2:54  Probe  
  30  3:06  Probe  
  30  3:15  Probe  
  30  3:18  Probe, Stargate  
  32  3:31  Sentry  
  32  3:32  Probe x2  
  32  3:33  Pylon  
  34  3:38  Gateway x2  
  36  3:47  Probe x2  
  38  3:53  Oracle  
  38  4:03  Probe x2  
  43  4:15  Probe x2  
  45  4:17  Pylon  
  45  4:21  Adept, Oracle  
  45  4:22  Robotics Facility  
  47  4:27  Probe x2  
  52  4:34  Assimilator x2  
  52  4:40  Probe x2  
  54  4:48  Pylon  
  54  4:52  Adept  
  56  4:53  Adept x2  
  56  4:55  Probe  
  56  4:56  Probe  
  62  5:01  Phoenix  
  64  5:10  Probe  
  64  5:11  Probe  
  66  5:20  Adept  
  66  5:21  Adept x2  
  70  5:29  Cybernetics Core, Probe x2  
  72  5:40  Gateway  
  72  5:43  Probe x2  
  72  5:46  Observer  
  72  5:57  Probe x2  
  74  6:04  Fleet Beacon  
  74  6:07  Adept x2  
  78  6:19  Twilight Council  
  78  6:27  Pylon  
  78  6:29  Pylon  
  78  6:37  Oracle  
  78  6:40  Pylon  
  78  6:45  Charge  
  78  6:46  Pylon  
  78  6:47  Probe x2, Observer  
  78  6:49  Zealot  
  86  6:59  Probe x2  
  88  7:03  Zealot x2  
  88  7:04  Zealot  
  94  7:19  Stalker  
  94  7:21  Probe  
  94  7:22  Probe  
  98  7:28  Stalker x2  
  98  7:40  Carrier  
  98  7:43  Pylon  
  102  7:45  Pylon  
  102  7:52  Immortal  
  102  7:54  Probe x2  
  101  8:02  Sentry x3  
  111  8:12  Pylon  
  111  8:14  Pylon  
  111  8:16  Pylon  
  111  8:20  Pylon  
  111  8:21  Gateway  
  111  8:22  Gateway, Blink  
  111  8:25  Gateway  
  111  8:26  Gateway  
  111  8:29  Gateway  
  111  8:42  Observer  
  111  8:45  Nexus  
  111  8:47  Carrier  
  111  8:48  Pylon  
  109  8:54  Zealot x3  
  121  9:08  Observer  
  130  9:18  Forge  
  130  9:19  Forge  
  130  9:20  Sentry  
  130  9:23  Assimilator x2  
  132  9:30  Zealot x2  
  136  9:39  Probe  
  136  9:42  Immortal  
  142  9:53  Probe x2  
  142  9:59  Zealot x3  
  147  10:05  Probe  
  123  10:25  Zealot x3  
  123  10:27  Immortal  
  62  10:45  Zealot  
  62  10:46  Zealot x7  
  62  10:49  Probe x3  
  50  11:06  Probe x2  
  46  11:13  Sentry x2, Phoenix  
  46  11:15  Sentry x3  
  46  11:17  Stalker  
  46  11:26  Stalker x2  
  46  11:27  Probe  
  48  11:35  Probe  
Show
View Real Time Build Order
Export as new Build Order

Croaker Protoss 

Build Orders:  

Get SALT Encoding   

  12  0:00  Probe  
  13  0:15  Pylon  
  13  0:18  Probe  
  14  0:33  Probe  
  14  0:35  Gateway  
  14  0:41  Probe  
  15  0:48  Assimilator  
  16  0:50  Probe  
  17  0:58  Assimilator  
  17  1:02  Probe  
  18  1:14  Probe  
  18  1:17  Pylon  
  19  1:26  Cybernetics Core  
  19  1:28  Probe  
  20  1:37  Probe  
  20  1:45  Probe  
  21  1:53  Gateway  
  22  1:54  Adept  
  22  2:04  Warp Gate  
  24  2:33  Nexus  
  24  2:46  Shield Battery  
  24  2:51  Robotics Facility  
  24  3:10  Gateway  
  24  3:14  Pylon  
  24  3:22  Stalker, Gateway  
  26  4:08  Pylon  
  24  4:10  Pylon  
  24  4:12  Stalker x2  
  25  4:31  Stalker  
  27  4:36  Immortal  
  31  4:49  Twilight Council  
  32  4:52  Probe  
  32  5:02  Stalker  
  34  5:24  Pylon  
  34  5:29  Immortal  
  38  5:40  Blink  
  38  5:43  Shield Battery  
  38  5:45  Probe x2  
  40  5:59  Probe x2  
  42  6:15  Probe x2  
  42  6:16  Dark Shrine  
  44  6:23  Stalker  
  46  6:29  Probe x2  
  48  6:41  Probe  
  48  6:44  Probe  
  48  6:45  Observer  
  50  6:48  Stalker  
  50  6:53  Probe  
  54  6:57  Probe  
  55  7:05  Probe  
  56  7:09  Probe  
  57  7:17  Probe  
  57  7:22  Probe  
  59  7:29  Probe  
  58  7:45  Dark Templar x4  
  66  7:57  Probe x2  
  68  8:00  Assimilator x2  
  68  8:09  Probe x2  
  70  8:13  Pylon  
  70  8:14  Pylon  
  70  8:16  Pylon  
  70  8:18  Pylon  
  70  8:21  Probe x2  
  72  8:33  Probe  
  73  8:47  Probe x2  
  75  8:59  Probe x2  
  77  9:08  Warp Prism  
  79  9:11  Probe x2  
  79  9:17  Stalker x4  
  83  9:19  Templar Archives  
  83  9:21  Archon  
  83  9:23  Probe x2  
  91  9:35  Probe x2  
  93  9:47  Probe x2  
  93  9:49  Immortal  
  93  9:50  Nexus  
  99  9:57  Psionic Storm  
  99  9:59  High Templar x2, Probe x2  
  105  10:00  High Templar, Gateway  
  105  10:03  Gateway  
  105  10:04  Gateway  
  105  10:45  Archon  
  105  11:02  Probe x3  
  108  11:14  Probe x2  
Tags
 
Add a new tag
Caveats
  • Supply blocks, unpowered buildings, or Contaminate may cause inaccurate times.
  • Supply counts are checked every 10 seconds.